[Event "Early-Titled-Tuesday-Blitz-September-12-2023"]
[Site "Chess.com"]
[Date "2023.09.12"]
[Round "7"]
[White "RamonManon0g"]
[Black "Jackalhead_Anubis"]
[Result "0-1"]
[WhiteElo "2295"]
[BlackElo "2378"]
[TimeControl "180+1"]
[EndTime "9:17:33 PDT"]
[Termination "Jackalhead_Anubis won by checkmate"]

1. e4 c5 2. Nf3 d6 3. Bb5+ Nd7 4. a4 Nf6 5. Nc3 g6 6. O-O Bg7 7. d4 cxd4 8. Nxd4 a6 9. Bc4 O-O 10. Be3 Qc7 11. Bb3 Nc5 12. Nd5 Nxd5 13. exd5 Nxb3 14. cxb3 Qa5 15. Qf3 Qb4 16. Rfd1 h5 17. h3 Bd7 18. Qe4 Rfe8 19. Rac1 Rac8 20. Rxc8 Bxc8 21. Rc1 Bf5 22. Qf4 Be5 23. Qh4 Bd3 24. Rc7 Bf6 25. Qf4 g5 26.
Qg3 Bxd4 27. Bxg5 Qe1+ 28. Kh2 Qxf2 29. Qxd3 Be5+ 30. Kh1 Qe1+ 31. Qf1 Qxf1# 0-1

[Event "Early-Titled-Tuesday-Blitz-September-12-2023"]
[Site "Chess.com"]
[Date "2023.09.12"]
[Round "7"]
[White "Biregina"]
[Black "CixPer1968"]
[Result "1-0"]
[WhiteElo "2437"]
[BlackElo "2193"]
[TimeControl "180+1"]
[EndTime "9:17:36 PDT"]
[Termination "Biregina won on time"]

1. d4 Nf6 2. c4 e6 3. Nc3 Bb4 4. g3 Bxc3+ 5. bxc3 O-O 6. Bg2 d6 7. e4 e5 8. Ne2 Nc6 9. O-O Re8 10. f3 Qe7 11. Be3 b6 12. Re1 Na5 13. c5 Nc4 14.
Bf2 Bb7 15. Qa4 d5 16. c6 Bc8 17. exd5 Nd6 18. dxe5 Qxe5 19. Nf4 Qxc3 20. Rxe8+ Ndxe8 21. Re1 Bf5 22. Qd4 Qxd4 23. Bxd4 Nd6 24. g4 Bg6 25. h4 h6 26. Re7 Kf8 27. Bxf6 gxf6 28. Rxc7 a5 29.
Bf1 b5 30. Nxg6+ fxg6 31. Rh7 b4 32. Rh8+ 1-0

[Event "Early-Titled-Tuesday-Blitz-September-12-2023"]
[Site "Chess.com"]
[Date "2023.09.12"]
[Round "7"]
[White "stollenmonster"]
[Black "MBA_CHESS_2021"]
[Result "1-0"]
[WhiteElo "2820"]
[BlackElo "2159"]
[TimeControl "180+1"]
[EndTime "9:17:37 PDT"]
[Termination "stollenmonster won on time"]

1. e4 c5 2. Nf3 Nc6 3. Nc3 e5 4. Nd5 d6 5. c3 Nf6 6. Nxf6+ gxf6 7. d4 Bg4 8. dxc5 dxc5 9. Qa4 a6 10. Be3 Qc7 11. Bc4 O-O-O 12. Bd5 Bxf3 13. gxf3 Ne7 14. Bxf7 Kb8 15. Ke2 Nf5 16. Bd5 Nxe3 17. Kxe3 Bh6+ 18. Ke2 Rhe8 19. Rad1 Qb6 20. Qb3 Qxb3 21. axb3 Bf4 22.
Rhg1 Re7 23. h4 Kc7 24. Rg2 Kb6 25. Rdg1 Rdd7 26. Rg8 Kc7 27. h5 Bg5 28. Kd3 Rg7 29.
Rf8 h6 30. Kc4 Kb6 31. Re8 1-0

[Event "Early-Titled-Tuesday-Blitz-September-12-2023"]
[Site "Chess.com"]
[Date "2023.09.12"]
[Round "7"]
[White "infinitegiantkiller"]
[Black "CFalcons8"]
[Result "0-1"]
[WhiteElo "2470"]
[BlackElo "2319"]
[TimeControl "180+1"]
[EndTime "9:17:37 PDT"]
[Termination "CFalcons8 won by resignation"]

1. Nf3 Nf6 2. g3 d5 3. Bg2 Bf5 4. O-O e6 5. d3 Nbd7 6. b3 c5 7. Bb2 Be7 8. Nbd2 h6 9. Re1 O-O 10. e4 dxe4 11. dxe4 Bh7 12. Qe2 Qc7 13. Rad1 Rfd8 14.
h4 a6 15. a4 Rab8 16. Nh2 b5 17. axb5 axb5 18. Ng4 Nxg4 19. Qxg4 Bf6 20. Bxf6 Nxf6 21. Qe2 Nd7 22. e5 Bxc2 23. Rc1 Bh7 24. Be4 Bxe4 25.
Qxe4 Qxe5 26. Qg4 Qd4 27. Qe2 Nf6 28. Nf3 Qb4 29. Qc2 Rd5 30. Re5 Rbd8 31. Rxd5 Rxd5 32.
Ra1 Qe4 33. Ra8+ Kh7 34. Qxe4+ Nxe4 35. Rb8 c4 36. bxc4 bxc4 37. Rc8 c3 38. Kf1 Nd2+ 39. Ke2 Nxf3 40. Kxf3 Rd3+ 41. Ke2 Rd2+ 42. Ke3 Rc2 43. Kd3 Rxf2 44. Rxc3 Rf3+ 45. Ke4 Rxc3 46. Kf4 Rc5 0-1

[Event "Early-Titled-Tuesday-Blitz-September-12-2023"]
[Site "Chess.com"]
[Date "2023.09.12"]
[Round "7"]
[White "allejam"]
[Black "APOKALIPSA13"]
[Result "0-1"]
[WhiteElo "2428"]
[BlackElo "2277"]
[TimeControl "180+1"]
[EndTime "9:17:38 PDT"]
[Termination "APOKALIPSA13 won by resignation"]

1. e4 e5 2. Nf3 d5 3. d4 dxe4 4. Nxe5 Bd6 5. Nc4 Nf6 6. Be2 O-O 7.
Nc3 Be7 8. O-O c6 9. f3 exf3 10. Bxf3 Be6 11. Ne5 Nbd7 12. Qe2 Nxe5 13. dxe5 Nd5 14.
Ne4 Qb6+ 15. Kh1 Rad8 16. a3 Qd4 17. Ng5 Nf4 18. Bxf4 Qxf4 19. Nxe6 fxe6 20. Bg4 Qh6 21. Rxf8+ Rxf8 22. Qc4 Rf4 23. Qxe6+ Qxe6 24. Bxe6+ Kf8 25. Bb3 Bc5 26. Rd1 Ke7 27. e6 Bd6 28. g3 Rf2 29. Kg1 Re2 30. Rf1 Bc5+ 31. Kh1 Bd4 32. Rf7+ Ke8 33. Rxb7 g5 34. g4 h5 35. Ba4 Rxe6 36.
Rc7 Re1+ 37. Kg2 Re2+ 38. Kf3 Re3+ 39. Kg2 hxg4 40. Bxc6+ Kf8 41. c3 Re2+ 42. Kf1 Rf2+ 43. Ke1 Bb6 44. Rb7 Rxb2 45. Bd7 Bf2+ 46. Kd1 Rxb7 47.
Bxg4 Rb2 0-1

[Event "Early-Titled-Tuesday-Blitz-September-12-2023"]
[Site "Chess.com"]
[Date "2023.09.12"]
[Round "7"]
[White "bennyficial"]
[Black "GMJustin"]
[Result "0-1"]
[WhiteElo "2130"]
[BlackElo "2250"]
[TimeControl "180+1"]
[EndTime "9:17:38 PDT"]
[Termination "GMJustin won by resignation"]

1. Nf3 Nf6 2. c4 Nc6 3. d4 e6 4.
d5 Bb4+ 5. Nc3 exd5 6. cxd5 Ne7 7. e4 Nxe4 8. Qd4 Bxc3+ 9. bxc3 Nf6 10. c4 d6 11. Bd3 Bf5 12. Bg5 Bxd3 13. Qxd3 Ng6 14.
O-O O-O 15. Rab1 b6 16. Nd4 Ne5 17. Qg3 Ne4 18. Bxd8 Nxg3 19. fxg3 Raxd8 20. Rf4 Rfe8 21. Rbf1 a5 22. Nf5 Rd7 23. h4 g6 24. Ne3 Nd3 25. R4f3 Ne5 26. Rf4 Rde7 27. h5 Nd3 0-1

[Event "Early-Titled-Tuesday-Blitz-September-12-2023"]
[Site "Chess.com"]
[Date "2023.09.12"]
[Round "7"]
[White "nss13"]
[Black "Quattroporte300"]
[Result "1-0"]
[WhiteElo "2552"]
[BlackElo "2399"]
[TimeControl "180+1"]
[EndTime "9:17:39 PDT"]
[Termination "nss13 won by resignation"]

1. e4 c5 2. Nf3 Nc6 3. Bb5 g6 4. Bxc6 bxc6 5. O-O Bg7 6. Re1 d6 7. c3 e5 8. d4 cxd4 9. cxd4 exd4 10. Nxd4 Ne7 11.
Nc3 O-O 12. Bf4 d5 13. Nb3 Be6 14. Qd2 d4 15. Na4 Rc8 16. Nac5 Qb6 17. Rac1 Rfd8 18.
Bg5 Rc7 19. Qf4 Bxb3 20. axb3 d3 21. Rcd1 Bxb2 22. Nxd3 Bd4 23. b4 Rcd7 24. g3 Kf8 25.
Bf6 Bxf6 26. Qxf6 Qd4 27. Ne5 Ng8 28. Nxd7+ Rxd7 29. Qxd4 1-0

[Event "Early-Titled-Tuesday-Blitz-September-12-2023"]
[Site "Chess.com"]
[Date "2023.09.12"]
[Round "7"]
[White "Mikhail_Golubev"]
[Black "sokidze"]
[Result "0-1"]
[WhiteElo "2594"]
[BlackElo "2785"]
[TimeControl "180+1"]
[EndTime "9:17:41 PDT"]
[Termination "sokidze won on time"]

1. e4 c6 2. d4 d5 3. e5 Bf5 4.
h4 h5 5. c4 e6 6. Nc3 Ne7 7.
Bg5 Qb6 8. Qd2 dxc4 9. Bxc4 Nd7 10. Nge2 O-O-O 11. Qe3 Qxb2 12. O-O Nb6 13. Bb3 Ned5 14. Nxd5 Nxd5 15. Bxd5 Rxd5 16. a4 Bb4 17. a5 Bxa5 18.
Nf4 Rb5 19. Be7 Rb3 20. Rxa5 Rxe3 21. fxe3 a6 22. Ra3 Re8 23. Bc5 Be4 24. Rf2 Qc1+ 25. Rf1 Qd2 26. Rf2 Qe1+ 27. Rf1 Qxh4 28. Ne2 Qg4 29. Rf2 h4 30. Nf4 g5 31. Ne2 h3 32. g3 Bf3 33. Nc3 Qxg3+ 0-1

[Event "Early-Titled-Tuesday-Blitz-September-12-2023"]
[Site "Chess.com"]
[Date "2023.09.12"]
[Round "7"]
[White "Ncatt"]
[Black "MatthewG-p4p"]
[Result "1-0"]
[WhiteElo "2580"]
[BlackElo "2875"]
[TimeControl "180+1"]
[EndTime "9:17:42 PDT"]
[Termination "Ncatt won by resignation"]

1. e4 e6 2. d4 d5 3. exd5 exd5 4. Nf3 Nf6 5. Bd3 c5 6. c3 Nc6 7. O-O Be7 8. dxc5 Bxc5 9. Re1+ Be6 10. Nbd2 O-O 11.
Nb3 Bb6 12. Nbd4 Bg4 13. Qb3 Re8 14. Bg5 Rxe1+ 15. Rxe1 h6 16. Bh4 g5 17. Bg3 Qd7 18. Nxc6 bxc6 19. Ne5 Qe6 20. c4 Ba5 21. Rc1 Bb6 22.
cxd5 cxd5 23. Rc6 Qe7 24. Rxf6 Qxf6 25. Nxg4 Qe6 26. h3 h5 27. Qxd5 Qxd5 28. Nf6+ Kg7 29.
Nxd5 Bd4 30. b3 Rd8 31. Bc4 Re8 32. Kf1 h4 33. Bd6 Rd8 34. Be7 Re8 35. Bxg5 Re4 36. f3 Re5 37. Bf6+ 1-0

[Event "Early-Titled-Tuesday-Blitz-September-12-2023"]
[Site "Chess.com"]
[Date "2023.09.12"]
[Round "7"]
[White "Byniolus"]
[Black "arminmusovic"]
[Result "1-0"]
[WhiteElo "2793"]
[BlackElo "2564"]
[TimeControl "180+1"]
[EndTime "9:17:42 PDT"]
[Termination "Byniolus won by resignation"]

1. d4 d5 2. Bf4 c5 3. c3 Nc6 4. e3 cxd4 5. cxd4 a6 6. Nc3 Nf6 7. Bd3 g6 8. Nf3 Bg7 9. h3 O-O 10. Rc1 Re8 11. a3 e6 12. O-O Nd7 13. Bh2 Nf8 14.
b4 e5 15. dxe5 Nxe5 16. Be2 Nc4 17. Nxd5 Nb2 18. Qd2 Ne6 19. Rfd1 Nxd1 20. Rxd1 Bd7 21. Qc2 Rc8 22. Qb3 b5 23. Bg3 h6 24. Ne5 Nc5 25. bxc5 Bxe5 26. Bxe5 Rxe5 27. Nb6 Rexc5 28. Rxd7 Rc1+ 29. Kh2 Qf6 30. Nxc8 Qxf2 31. Ne7+ Kf8 32. Bd1 Qf6 33. Nd5 Qe5+ 34. Kg1 Qh5 35. Rd8+ Kg7 36. Qb2+ f6 37. Qxf6+ 1-0

[Event "Early-Titled-Tuesday-Blitz-September-12-2023"]
[Site "Chess.com"]
[Date "2023.09.12"]
[Round "7"]
[White "Zarinur"]
[Black "grzechu96"]
[Result "1-0"]
[WhiteElo "2513"]
[BlackElo "2648"]
[TimeControl "180+1"]
[EndTime "9:17:42 PDT"]
[Termination "Zarinur won by resignation"]

1. e4 c5 2. Nf3 d6 3. Bb5+ Nd7 4. O-O a6 5. Bxd7+ Bxd7 6. d4 cxd4 7. Qxd4 h6 8. c4 e5 9. Qd3 Nf6 10. Nc3 Rc8 11.
b3 Be7 12. a4 O-O 13. Ba3 Be6 14. Rfd1 Rc6 15. Nxe5 Rb6 16. Nf3 Rxb3 17. Nd4 Nxe4 18.
Nxb3 Nxc3 19. Qxc3 Bf6 20. Nd4 Qc7 21. Rac1 Rd8 22.
Qb3 Bc8 23. h3 b6 24. Ne2 Bb7 25. Nc3 Bxc3 26. Qxc3 Qc6 27. Qg3 Qxa4 28. Bb2 g6 29. Qc3 Kf8 30. Qh8+ Ke7 31. Bf6+ Ke6 32. Qxd8 Qc6 33.
Qe7+ Kf5 34. g4+ 1-0

[Event "Early-Titled-Tuesday-Blitz-September-12-2023"]
[Site "Chess.com"]
[Date "2023.09.12"]
[Round "7"]
[White "Zheenbekov86"]
[Black "chess123456s"]
[Result "0-1"]
[WhiteElo "2403"]
[BlackElo "2616"]
[TimeControl "180+1"]
[EndTime "9:17:42 PDT"]
[Termination "chess123456s won on time"]

1. e4 e5 2. Nf3 Nc6 3. Bb5 a6 4. Ba4 Nf6 5. O-O Be7 6. Re1 b5 7. Bb3 O-O 8. h3 Bb7 9. d3 d5 10. exd5 Nxd5 11. Nxe5 Nxe5 12. Rxe5 Qd6 13. Re1 Rae8 14.
Bd2 Nf4 15. Bxf4 Qxf4 16. Nd2 Bd6 17. g3 Qd4 18. Nf3 Rxe1+ 19. Nxe1 Bxg3 20. Qe2 Bd6 21. Ng2 Qxb2 22. Re1 Qf6 23. Qg4 h6 24. Ne3 Qe5 25. d4 Qh2+ 26. Kf1 Bb4 27. Rd1 Re8 28. Ke2 Qg2 29.
Rg1 Qxg4+ 30. Rxg4 a5 31. Rf4 Re7 32. Kf1 c6 33. Nf5 Re1+ 34. Kg2 c5+ 35. Kh2 c4 0-1

[Event "Early-Titled-Tuesday-Blitz-September-12-2023"]
[Site "Chess.com"]
[Date "2023.09.12"]
[Round "7"]
[White "Rosh1610"]
[Black "lolo9292"]
[Result "1-0"]
[WhiteElo "2437"]
[BlackElo "2195"]
[TimeControl "180+1"]
[EndTime "9:17:43 PDT"]
[Termination "Rosh1610 won on time"]

1. e4 e5 2. Nf3 Nc6 3. Bb5 a6 4.
Ba4 Nf6 5. O-O Nxe4 6. Re1 Nc5 7. Nxe5 Nxe5 8. Rxe5+ Be7 9. Nc3 O-O 10. Bb3 Nxb3 11.
axb3 d6 12. Re1 Be6 13. d4 d5 14. Bf4 Bd6 15. Ne2 Bg4 16. f3 Bf5 17. c3 Qd7 18. b4 Rfe8 19. Qd2 h6 20. h3 Re7 21.
Bxd6 Qxd6 22. Nf4 Rae8 23. Kf2 Rxe1 24. Rxe1 Rxe1 25. Kxe1 g5 26. Nh5 Bg6 27. g4 Bxh5 28. gxh5 Qg3+ 29. Ke2 Qxh3 30. Qe3 Qg2+ 31. Kd1 Qf1+ 32.
Kc2 Qb5 33. Qe7 Qc6 34. Kb1 b6 35. Qd8+ Kg7 36. Qe7 a5 37. Qe5+ Kg8 38. bxa5 bxa5 39. f4 Qe6 40. Qxc7 gxf4 41. Qxf4 Qe4+ 42. Qxe4 dxe4 43.
Kc1 f5 44. Kd2 f4 45. b4 a4 46. b5 Kf8 47. b6 a3 48. b7 a2 49. b8=Q+ 1-0

[Event "Early-Titled-Tuesday-Blitz-September-12-2023"]
[Site "Chess.com"]
[Date "2023.09.12"]
[Round "7"]
[White "Grandmaster1369"]
[Black "Sleepless_Knightmare"]
[Result "1-0"]
[WhiteElo "2572"]
[BlackElo "2423"]
[TimeControl "180+1"]
[EndTime "9:17:44 PDT"]
[Termination "Grandmaster1369 won by resignation"]

1. e4 c5 2. Nf3 e6 3. g3 a6 4. Bg2 b5 5. O-O Bb7 6. Re1 Nc6 7. c3 Rc8 8. d4 cxd4 9. cxd4 Nb4 10. Nc3 d5 11. a3 dxe4 12. Ng5 Nd3 13. Bxe4 Bxe4 14. Rxe4 Nxc1 15. Qxc1 Nf6 16. Re2 Qxd4 17. Qe1 Be7 18. Rd1 Qa7 19. Rxe6 fxe6 20. Nxe6 Kf7 21. Ng5+ Kg6 22. h4 Bc5 23. Qe2 Bxf2+ 24. Kg2 Rhd8 25. Qc2+ Kh5 26. Qe2+ Ng4 27. Kh3 Rd4 28. Nce4 Qd7 29. Nxf2 Rxd1 30. Nxd1 Rc4 31. Ne3 Qe7 32. Qf3 Qd7 33.
Nxg4 Rxg4 34. Ne4 g5 35. Nf6+ Kg6 36. Nxd7 1-0

[Event "Early-Titled-Tuesday-Blitz-September-12-2023"]
[Site "Chess.com"]
[Date "2023.09.12"]
[Round "7"]
[White "santosalberto1987"]
[Black "Iunusovnuriddin"]
[Result "1-0"]
[WhiteElo "2549"]
[BlackElo "2350"]
[TimeControl "180+1"]
[EndTime "9:17:44 PDT"]
[Termination "santosalberto1987 won by resignation"]

1. e4 e6 2. d4 d5 3. Nc3 Nf6 4.
e5 Nfd7 5. Nce2 c5 6. c3 Nc6 7. Nf3 b5 8. a3 Qb6 9. Nf4 b4 10. axb4 cxb4 11. Bd3 Na5 12. Ng5 g6 13. Qf3 Be7 14.
Nxf7 Rf8 15. Nh6 Nb3 16. Rb1 Nxc1 17. Rxc1 Bg5 18. g3 Bxh6 19. Qg4 Bxf4 20. gxf4 bxc3 21. bxc3 Qb2 22. O-O Qd2 23. Qxe6+ Kd8 24. Bb5 Qxf4 25. f3 Rb8 26. Qxd5 a6 27. Bxd7 Qg5+ 28. Kh1 Bxd7 29.
Qd6 Rb2 30. Qxf8+ Be8 31. Qf6+ Qxf6 32. exf6 Rb6 33. c4 Rxf6 34. d5 a5 35. c5 a4 36.
Kg2 Kc7 37. Rfe1 Bb5 38. Re7+ Kd8 39. d6 1-0

[Event "Early-Titled-Tuesday-Blitz-September-12-2023"]
[Site "Chess.com"]
[Date "2023.09.12"]
[Round "7"]
[White "LangesNasenhaar"]
[Black "Philosopherrr"]
[Result "1-0"]
[WhiteElo "2459"]
[BlackElo "2282"]
[TimeControl "180+1"]
[EndTime "9:17:44 PDT"]
[Termination "LangesNasenhaar won by resignation"]

1. d4 Nf6 2. Nc3 d5 3. Bf4 c6 4. e3 Bf5 5. Nf3 e6 6. Ne5 Nbd7 7. g4 Bg6 8. h4 h5 9. Nxg6 fxg6 10. g5 Ng8 11. Qd3 Kf7 12. Bh3 Ne7 13. e4 dxe4 14. Nxe4 Nf5 15. O-O-O Qa5 16. Kb1 Nb6 17. Nd2 Nd5 18.
Be5 Be7 19. Rhe1 Rhd8 20. Nc4 Qa6 21. Bg3 b5 22. Ne5+ Kg8 23. Nxg6 Bb4 24. c3 Bd6 25.
Rxe6 Nxg3 26. fxg3 Qa4 27. Ree1 Re8 28. Be6+ Rxe6 29. Rxe6 Bxg3 30. Ne7+ Nxe7 31. Rxe7 Rf8 32. Rh1 Bd6 33. Re6 Bf4 34. Rf1 b4 35. Qc4 Kh8 36.
Qxb4 Qa6 37. Qxf8+ 1-0

[Event "Early-Titled-Tuesday-Blitz-September-12-2023"]
[Site "Chess.com"]
[Date "2023.09.12"]
[Round "7"]
[White "Dacean99"]
[Black "Jenia84"]
[Result "1-0"]
[WhiteElo "2528"]
[BlackElo "2364"]
[TimeControl "180+1"]
[EndTime "9:17:45 PDT"]
[Termination "Dacean99 won by resignation"]

1. d4 Nf6 2. Nf3 e6 3. c4 d5 4. Nc3 c6 5. Bg5 Nbd7 6. e3 h6 7. Bh4 g5 8. Bg3 Bb4 9. Qc2 Ne4 10. Bd3 f5 11. a3 Bxc3+ 12. bxc3 Qa5 13. Bxe4 dxe4 14.
Ne5 h5 15. Nxd7 Bxd7 16. Be5 Rg8 17. O-O Qa6 18. Qb3 b5 19. Qb4 Kf7 20. Rfb1 Qb7 21. Qd6 a6 22. a4 Rgc8 23. d5 cxd5 24. Bd4 Rxc4 25. Qe5 Rxd4 26. cxd4 Rc8 27. axb5 Bxb5 28. Qg3 Kg6 29. Rc1 Rxc1+ 30. Rxc1 Bc4 31. Qd6 Kf7 32. h4 gxh4 33. Qd8 Qe7 34. Qb6 h3 35. gxh3 Qg5+ 36. Kh2 Qh4 37. Qc7+ Kf8 38. Rg1 Qxf2+ 39. Rg2 Qh4 40.
Qc8+ Kf7 41. Qg8+ Ke7 42. Rg7+ Kd6 43. Qb8+ Kc6 44. Qb7+ 1-0

[Event "Early-Titled-Tuesday-Blitz-September-12-2023"]
[Site "Chess.com"]
[Date "2023.09.12"]
[Round "7"]
[White "tptagain"]
[Black "econpower"]
[Result "0-1"]
[WhiteElo "2914"]
[BlackElo "2773"]
[TimeControl "180+1"]
[EndTime "9:17:46 PDT"]
[Termination "econpower won by resignation"]

1. Nf3 g6 2. e4 Bg7 3. d4 d6 4. c3 Nd7 5. Bd3 e5 6. O-O Ne7 7. Re1 O-O 8. Nbd2 c6 9. a4 Qc7 10.
Bf1 Rd8 11. a5 Rb8 12. Nc4 Nf8 13. Be3 b5 14. axb6 axb6 15. b4 d5 16. Ncxe5 dxe4 17. Nd2 Nd5 18. Qb3 Bxe5 19. dxe5 Nxe3 20. Nxe4 Nxf1 21.
Nf6+ Kg7 22. Kxf1 Be6 23. Qc2 Nd7 24. Qc1 h6 25. Qf4 Rb7 26. Rad1 Rf8 27. Rd6 Nxf6 28.
exf6+ Kh7 29. h4 h5 30. Red1 Rd8 31. Qe5 Rxd6 32. Rxd6 Ra7 33. f3 b5 34. Kg1 Qc8 35.
Kh2 Rd7 36. Rxe6 fxe6 37. Qxe6 Qc7+ 38. Kg1 Rf7 39. Kf2 Qd7 40. Qe5 Qf5 0-1

[Event "Early-Titled-Tuesday-Blitz-September-12-2023"]
[Site "Chess.com"]
[Date "2023.09.12"]
[Round "7"]
[White "ChessTankMan"]
[Black "Witty_Alien"]
[Result "0-1"]
[WhiteElo "2513"]
[BlackElo "2199"]
[TimeControl "180+1"]
[EndTime "9:17:46 PDT"]
[Termination "Witty_Alien won by resignation"]

1. e4 c5 2. Nf3 d6 3. d4 cxd4 4. Qxd4 a6 5. c4 Nc6 6. Qe3 Nf6 7. h3 g6 8. Be2 Bg7 9. O-O O-O 10. Nc3 Bd7 11. Rd1 a5 12. c5 dxc5 13. e5 Ne8 14. Bc4 Nc7 15. Qxc5 Qc8 16. Na4 Bxh3 17. gxh3 Qxh3 18.
Nh2 Bxe5 19. f4 Rad8 20. Be3 Rxd1+ 21. Rxd1 Ne6 22. Qb6 Nxf4 23. Bxf4 Bxf4 24. Qf2 Ne5 25.
Bf1 Bxh2+ 26. Qxh2 Nf3+ 27. Kf2 Qxh2+ 28. Kxf3 Qh5+ 29.
Kf2 Qxd1 0-1

[Event "Early-Titled-Tuesday-Blitz-September-12-2023"]
[Site "Chess.com"]
[Date "2023.09.12"]
[Round "7"]
[White "ckgchess"]
[Black "wonderfultime"]
[Result "1/2-1/2"]
[WhiteElo "2873"]
[BlackElo "2995"]
[TimeControl "180+1"]
[EndTime "9:17:47 PDT"]
[Termination "Game drawn by agreement"]

1. e4 e5 2. Nc3 Nf6 3. f4 d5 4. fxe5 Nxe4 5. Qf3 Nc6 6. Bb5 Bc5 7. Nxe4 dxe4 8.
Qxe4 O-O 9. c3 Bxg1 10. Rxg1 Nxe5 11. Qxe5 c6 12. Be2 Re8 13. Qg3 Bf5 14. Kd1 Qd5 15.
Re1 Rad8 16. d4 Qe4 17. Qd3 Qxd3+ 18. Bxd3 Bxd3 19. Bf4 Be4 20. g3 c5 21. Be3 f6 22.
Kd2 Kf7 23. Bg1 h5 24. Rf1 Bg2 25. Rfe1 Be4 26. Rf1 Bd5 27. b3 cxd4 28. Bxd4 a5 29.
Rae1 a4 30. Rxe8 Rxe8 31. c4 Bc6 32. Re1 Rxe1 33. Kxe1 axb3 34. axb3 b5 1/2-1/2

[Event "Early-Titled-Tuesday-Blitz-September-12-2023"]
[Site "Chess.com"]
[Date "2023.09.12"]
[Round "7"]
[White "Agibileg"]
[Black "fen_fire"]
[Result "1-0"]
[WhiteElo "2643"]
[BlackElo "2481"]
[TimeControl "180+1"]
[EndTime "9:17:47 PDT"]
[Termination "Agibileg won on time"]

1. d4 c6 2. c4 d6 3. Nf3 Nd7 4. Nc3 Ngf6 5. e4 e5 6. Be2 Be7 7. O-O O-O 8. Rb1 Re8 9. b4 Bf8 10. Qc2 a5 11. b5 exd4 12. Nxd4 Qc7 13. Rd1 Nc5 14. f3 Bd7 15. Kh1 h5 16. Bg5 Nh7 17.
Bh4 Ne6 18. Nf5 g6 19. b6 Qb8 20. Nxd6 Bxd6 21. e5 Bxe5 22. Rxd7 Nf6 23. Bxf6 Bxf6 24. Ne4 Be5 25. c5 Nf8 26. Rdd1 Rd8 27. Bc4 Rxd1+ 28. Rxd1 Qe8 29. Ng5 Kg7 30. Nxf7 Bf6 31. Nd6 Qe7 32. Qd2 Bg5 33. Re1 Qf6 34. Qd3 Bf4 35. Ne8+ Rxe8 36. Rxe8 Qa1+ 37. Qf1 Qf6 38. Qe1 Kh6 39. g3 Bg5 40. f4 Bxf4 41. gxf4 Nd7 42. f5 Nxc5 43.
Qe3+ 1-0

[Event "Early-Titled-Tuesday-Blitz-September-12-2023"]
[Site "Chess.com"]
[Date "2023.09.12"]
[Round "7"]
[White "Predator0608"]
[Black "wild3000"]
[Result "1-0"]
[WhiteElo "2613"]
[BlackElo "2432"]
[TimeControl "180+1"]
[EndTime "9:17:48 PDT"]
[Termination "Predator0608 won on time"]

1. e4 c5 2. Nf3 e6 3. d4 cxd4 4. Nxd4 Nc6 5. Nc3 Nf6 6. Ndb5 d6 7. Bf4 e5 8. Bg5 a6 9. Na3 Be7 10. Nc4 Be6 11. Bxf6 gxf6 12. Ne3 Nd4 13. Ncd5 f5 14. c3 f4 15. cxd4 fxe3 16. fxe3 Bg5 17. dxe5 dxe5 18. Qa4+ Kf8 19. Rd1 Kg7 20. Be2 b5 21.
Qa3 Bxd5 22. Rxd5 Qf6 23. Rf1 Qe6 24. Bh5 Rhf8 25. Rf5 f6 26. Rd6 Qc8 27. Rd2 Ra7 28.
Qd6 Rc7 29. Rxg5+ fxg5 30. Qxe5+ Kh6 31. Bf3 Rc1+ 32. Kf2 Rc5 33. Rd6+ 1-0

[Event "Early-Titled-Tuesday-Blitz-September-12-2023"]
[Site "Chess.com"]
[Date "2023.09.12"]
[Round "7"]
[White "Djager97"]
[Black "crazy_m_attack"]
[Result "0-1"]
[WhiteElo "2535"]
[BlackElo "2407"]
[TimeControl "180+1"]
[EndTime "9:17:48 PDT"]
[Termination "crazy_m_attack won by resignation"]

1. e4 e5 2. Nf3 Nc6 3. d4 exd4 4.
Nxd4 Nf6 5. Nxc6 bxc6 6. e5 Qe7 7. Qe2 Nd5 8. c4 Ba6 9. b3 g6 10. g3 Bg7 11. Bb2 O-O 12. Bg2 Rfe8 13. O-O Bxe5 14.
Qxe5 Qxe5 15. Bxe5 Rxe5 16. cxd5 Bxf1 17. Kxf1 cxd5 18.
f4 Re3 19. Bxd5 Rae8 20. Nd2 Rd3 21. Ne4 Kg7 22. Bc4 Rd4 23. Nf2 Rd2 24. a4 d5 25.
Bb5 Re3 26. Rb1 Rc3 27. Be2 Rcc2 28. Re1 Rb2 29. Ng4 Rxb3 30. Ne5 c5 31. Nf3 Ra2 32.
Rd1 Re3 33. Rd2 Rxf3+ 0-1

[Event "Early-Titled-Tuesday-Blitz-September-12-2023"]
[Site "Chess.com"]
[Date "2023.09.12"]
[Round "7"]
[White "mitrabhaa"]
[Black "Jospem"]
[Result "0-1"]
[WhiteElo "2862"]
[BlackElo "3100"]
[TimeControl "180+1"]
[EndTime "9:17:49 PDT"]
[Termination "Jospem won by resignation"]

1. Nf3 Nf6 2. c4 g6 3. g3 Bg7 4. Bg2 O-O 5. O-O c6 6. Nc3 d6 7. d4 Bf5 8. b3 Ne4 9. Bb2 Nxc3 10. Bxc3 Be4 11. Qd2 Nd7 12. Rac1 a5 13. a4 Qb6 14.
Qb2 d5 15. Rfd1 Qa6 16. Bh3 Bxf3 17. Bxd7 Be4 18. f3 Bf5 19. Bxf5 gxf5 20. Be1 c5 21.
Bf2 Rfd8 22. Qb1 Qe6 23. e4 fxe4 24. fxe4 dxe4 25. d5 Qg6 26. Bxc5 e6 27. d6 Rd7 28. Be3 h5 29. Kh1 e5 30. c5 f5 31. Qc2 Kh7 32. Rd5 Rf8 33. Rf1 Rdf7 34. Qg2 Qe6 35. Rfd1 Rd7 36. Qd2 h4 37. Qg2 Kg8 38. R5d2 f4 39.
gxf4 exf4 40. Bd4 e3 41. Re2 f3 0-1

[Event "Early-Titled-Tuesday-Blitz-September-12-2023"]
[Site "Chess.com"]
[Date "2023.09.12"]
[Round "7"]
[White "Durarbayli"]
[Black "Korchmar_Vasiliy"]
[Result "0-1"]
[WhiteElo "2891"]
[BlackElo "2725"]
[TimeControl "180+1"]
[EndTime "9:17:49 PDT"]
[Termination "Korchmar_Vasiliy won by resignation"]

1. e4 c5 2. Nf3 d6 3. d4 cxd4 4. Nxd4 Nf6 5. Nc3 Nc6 6. f3 e5 7.
Nb3 Be7 8. Be3 O-O 9. Qe2 a5 10. a4 Be6 11. g4 Nb4 12. g5 Nh5 13. Rg1 Rc8 14. Qd2 Nf4 15. Bxf4 exf4 16. h4 Qb6 17. Rg2 Nxc2+ 18. Qxc2 Bxb3 19. Qd2 d5 20. Qxf4 Bb4 21. Rd2 d4 22. Nb5 Rc2 23. Rd1 Bxa4 24. Na3 Bxd2+ 25. Rxd2 Rxb2 26. Nc4 Rb1+ 27. Kf2 Rxf1+ 28. Kxf1 Bb5 29. Rc2 Qc5 30. Qc1 Rc8 31. Kg2 Bxc4 32. h5 b5 33. h6 d3 34. Rf2 Qe5 35. Qe3 Rd8 36. hxg7 a4 37. Rd2 a3 38. Kh3 a2 39. Qb6 Qd4 0-1

[Event "Early-Titled-Tuesday-Blitz-September-12-2023"]
[Site "Chess.com"]
[Date "2023.09.12"]
[Round "7"]
[White "MightyGMpretender"]
[Black "Actuary44"]
[Result "1-0"]
[WhiteElo "2794"]
[BlackElo "2516"]
[TimeControl "180+1"]
[EndTime "9:17:49 PDT"]
[Termination "MightyGMpretender won by resignation"]

1. e4 b6 2. d4 Bb7 3. Bd3 e6 4. Nf3 Nf6 5. Qe2 d5 6. e5 Nfd7 7. c3 c5 8. a3 Nc6 9. b4 c4 10. Bc2 Qc7 11. a4 O-O-O 12. Bf4 f5 13. Ng5 Re8 14.
h4 h6 15. Nf3 Be7 16. h5 Reg8 17. Nbd2 g5 18. hxg6 Rxg6 19. g3 Qd8 20. Nf1 Nf8 21.
Ne3 Rgg8 22. Ng2 Ng6 23. Bd2 Bg5 24. Be3 Rf8 25. Kd2 Rhg8 26. Nf4 Bxf4 27. Bxf4 Nxf4 28.
gxf4 Rg4 29. Ke3 Rh8 30. Rh5 Ne7 31. Nh2 Qe8 32. Nxg4 Qxh5 33. Nf6 Qh4 34. Qf3 Rf8 35. Rh1 Ng6 36. Rxh4 Nxh4 37. Qh5 Ng2+ 38. Kd2 Nxf4 39.
Qxh6 Rxf6 40. exf6 1-0

[Event "Early-Titled-Tuesday-Blitz-September-12-2023"]
[Site "Chess.com"]
[Date "2023.09.12"]
[Round "7"]
[White "gaby_przz"]
[Black "lluiss"]
[Result "1-0"]
[WhiteElo "2435"]
[BlackElo "2181"]
[TimeControl "180+1"]
[EndTime "9:17:49 PDT"]
[Termination "gaby_przz won by resignation"]

1. e4 Nc6 2. d4 d6 3. Nf3 g6 4. Be2 Bg7 5. O-O Nf6 6. d5 Nb8 7. Nc3 O-O 8. a4 e5 9. dxe6 Bxe6 10. Nd4 Bd7 11. f4 Nc6 12. Be3 Re8 13. Bf3 h5 14. h3 Qc8 15. a5 a6 16. Qd3 Be6 17.
Nxc6 bxc6 18. f5 gxf5 19. exf5 Bxf5 20. Qc4 d5 21. Qf4 Bg6 22. Bd4 Re6 23. Rae1 Qd7 24. Na4 Rxe1 25. Rxe1 Re8 26. Rf1 Ne4 27. Bxg7 Kxg7 28.
Bxe4 dxe4 29. Qf6+ Kg8 30. Nc5 Qd6 31. Nxa6 Re6 32. Qf4 Qd4+ 33. Kh1 Qxb2 34. Nxc7 Re7 35. Qd6 Qe5 36. Qxe5 Rxe5 37. a6 e3 38. a7 e2 39.
Re1 Rf5 40. a8=Q+ 1-0